 Dungeon Crawl Stone Soup version 0.31-a0-981-geadf994542 (webtiles) character file.

Game seed: 7863818180326619330

4009 jestert79 the Grappler (level 10, -2/44 HPs)
             Began as a Vine Stalker Shapeshifter on Nov 1, 2023.
             Was a Priest of Hepliaklqana.
             Slain by a meliai
             ... wielding a +0 hand axe
              (6 damage)
             ... on level 7 of the Dungeon.
             The game lasted 00:24:18 (5970 turns).

jestert79 the Grappler (Vine Stalker Shapeshifter)  Turns: 5970, Time: 00:24:18

Health: -2/44      AC: 11    Str: 22    XL:     10   Next: 23%
Magic:  0/11       EV:  8    Int: 10    God:    Hepliaklqana [***...]
Gold:   355        SH:  0    Dex: 13    Spells: 9/9 levels left

rFire   . .          .
                       - Unarmed
rCold   . . .        (no shield)
rNeg    . . .        C - +3 chain mail {Will+}
rPois   +            (helmet currently unavailable)
rElec   .            (cloak currently unavailable)
rCorr   .            (gloves currently unavailable)
SInv    .            (boots currently unavailable)
Will    ++...        (no amulet) Stlth
                     q - ring of poison resistance
HPRegen 1.07/turn    (no ring)
MPRegen 0.12/turn

%: guardian spirit
@: beast-form
A: beast (slay +4), reduced essence, fangs 3, regeneration 1, magic shield,
antimagic bite, no potion heal 2
a: Begin Untransformation, Renounce Religion, Recall Ancestor, Ancestor
Identity, Transference


You were on level 7 of the Dungeon.
You worshipped Hepliaklqana.
Hepliaklqana was most pleased with you.
You were a hulking beast.
You visited 1 branch of the dungeon, and saw 7 of its levels.
You also visited: Sewer.

You collected 433 gold pieces.
You spent 78 gold pieces at shops.

Inventory:

Missiles
 g - 6 curare-tipped darts
 p - 5 boomerangs
Armour
 C - a +3 chain mail of willpower (worn)
Jewellery
 i - a ring of wizardry
 q - a ring of poison resistance (left hand)
 t - a ring of wizardry
Talismans
 c - a beast talisman
 d - a flux talisman
Wands
 o - a wand of flame (15)
 y - a wand of acid (11)
Scrolls
 a - 2 scrolls of identify
 f - 3 scrolls of teleportation
 j - 2 scrolls of amnesia
 k - a scroll of enchant armour
 r - a scroll of immolation
 s - a scroll of blinking
Potions
 b - 2 potions of lignification
 e - 4 potions of curing
 h - 2 potions of attraction
 l - 3 potions of cancellation
 m - 3 potions of heal wounds
 n - a potion of invisibility
 v - a potion of mutation
 w - a potion of haste
 x - a potion of degeneration
 z - 2 potions of magic
 A - a potion of might
 B - 2 potions of resistance


   Skills:
 + Level 3.0 Fighting
 + Level 2.4 Armour
 - Level 1.5 Dodging
 + Level 11.7 Unarmed Combat
 - Level 7.7 Shapeshifting


You had 9 spell levels left.
You didn't know any spells.
Your spell library was empty.

Dungeon Overview and Level Annotations

Branches:
Dungeon (7/15)              Sewer (visited)
 Temple: D:4-7

Altars:
Hepliaklqana
Kikubaaqudgha

Shops:
D:5 *=[*!


Innate Abilities, Weirdness & Mutations

You are a hulking beast.
Your limbs bulge with bestial killing power. (Slay +4)
Your life essence is reduced to manifest your ancestor. (-10% HP)
You have razor-sharp teeth.
Your natural rate of healing is unusually fast.
When hurt, damage is shared between your health and your magic reserves.
Your bite disrupts and absorbs the magic of your enemies.
Potions cannot restore your health.


Message History

Something smites you!
A komodo dragon comes into view.
Cihuaton gestures at the meliai while chanting.
The meliai resists with some effort.
A wight comes into view.
It is wielding the +9 flail of Disembowelment {vamp, rCorr Str+3 Int+4 Dex-3}.
You hit the meliai. You bite the meliai! You drain its power.
You feel invigorated.
The meliai is heavily wounded.
The meliai hits you with a +0 hand axe!
The meliai stings you but does no damage.
The meliai mumbles some strange prayers to its god against you.
Something smites you!
You hit the meliai. You bite the meliai. You drain its power.
You feel invigorated.
The meliai is almost dead.
The meliai hits you with a +0 hand axe. The meliai closely misses you.
A boulder beetle comes into view.
Unknown command.
You barely miss the meliai. Your bite misses the meliai.
The meliai is almost dead.
The meliai mumbles some strange prayers to its god against you.
Something smites you!
* * * LOW HITPOINT WARNING * * *
The meliai hits you with a +0 hand axe.
* * * LOW HITPOINT WARNING * * *
The meliai closely misses you.
You hit the meliai.
The meliai is almost dead.
The meliai hits you with a +0 hand axe.
* * * LOW HITPOINT WARNING * * *
The meliai stings you. The meliai hits you but does no damage.
The meliai stings you.
* * * LOW HITPOINT WARNING * * *
You are lethally poisoned!
The meliai poisons you!
Your system rejects the healing.
You feel better. The meliai hits you but does no damage.
The meliai stings you but does no damage.
The meliai hits you with a +0 hand axe!
You die...

..#####.###)...###......
#....................
####.################
♣.♣♣ #♣.♣R♣# #.♣♣♣.#
#♣)♣.♣# ♣R♣♣ ♣h♣ ♣y♣ .l.
.≈≈≈. . #.≈≈≈!# ..
#.≈≈≈.# [.. #B≈K≈.# ..
#♣z≈~♣♣ #


You could see the friendly Cihuaton the hexer, a boulder beetle, a komodo
dragon, a kobold brigand, a meliai (ally target) and a wight.

Vanquished Creatures
  Eustachio (D:5)
  Duvessa (D:6)
  An orc warrior (D:7)
  An ice beast (D:6)
  2 ogres (D:7)
  2 sky beasts (D:7)
  3 centaurs
  5 phantoms
  3 kobold brigands
  A bullfrog (D:6)
  A gnoll sergeant (D:7)
  3 scorpions
  8 wights (D:7)
  A water moccasin skeleton (D:4)
  2 bullfrog zombies (D:4)
  A jelly (D:7)
  4 hounds
  A centaur skeleton (D:4)
  2 iguanas (D:5)
  3 orc wizards
  A sleepcap (D:7)
  Ijyb (D:3)
  3 scorpion zombies (D:4)
  2 hound zombies (D:4)
  A gnoll (D:1)
  8 adders
  8 river rats
  A shadow imp (D:5)
  An ufetubus (D:7)
  2 worm zombies (D:4)
  3 adder zombies (D:4)
  A worm (D:2)
  4 dart slugs
  5 orcs
  A bat (D:2)
  5 endoplasms
  3 giant cockroaches
  10 goblins
  2 hobgoblins (D:1)
  5 quokkas
  10 ball pythons
  2 frilled lizards
  32 kobolds
  2 quokka zombies (D:4)
  20 rats
179 creatures vanquished.

Vanquished Creatures (collateral kills)
  A water moccasin (D:7)
  A sky beast (D:7)
  A black bear (D:4)
  2 kobold brigands (Sewer)
  2 scorpions (D:4)
  2 water moccasin zombies (D:4)
  Dowan (D:6)
  An orc priest (D:5)
  A centaur skeleton (D:4)
  An adder (D:5)
  2 river rats
  2 adder zombies (D:4)
  An orc (D:4)
  6 ball pythons
  A giant cockroach (D:4)
  2 goblins (D:3)
  6 kobolds
  7 rats
40 creatures vanquished.

Vanquished Creatures (others)
  A hexer (D:7)
  2 ancestors
3 creatures vanquished.

Grand Total: 222 creatures vanquished

Notes
Turn   | Place    | Note
-------+----------+-------------------------------------------
     0 | D:1      | jestert79 the Vine Stalker Shapeshifter began the quest for
                  | the Orb.
     0 | D:1      | Reached XP level 1. HP: 9/9 MP: 2/2
    61 | D:1      | Reached XP level 2. HP: 8/14 MP: 3/3
   265 | D:1      | Reached XP level 3. HP: 17/17 MP: 4/4
   734 | D:2      | Found a faded altar of an unknown god.
   739 | D:2      | Prayed at the altar of an unknown god.
   739 | D:2      | Became a worshipper of Hepliaklqana the Forgotten
   739 | D:2      | Reached * piety under Hepliaklqana
   808 | D:2      | Reached XP level 4. HP: 18/18 MP: 5/5
  1211 | D:3      | Reached skill level 4 in Unarmed Combat
  1572 | D:3      | Noticed Ijyb
  1680 | D:4      | Noticed a phantom
  1680 | D:4      | Noticed a scorpion
  1758 | D:4      | Reached XP level 5. HP: 14/22 MP: 4/6
  1791 | D:4      | Reached skill level 5 in Unarmed Combat
  1791 | D:4      | Reached XP level 6. HP: 19/26 MP: 5/7
  1794 | D:4      | Noticed a black bear
  1804 | D:4      | Killed a black bear
  1805 | D:4      | Reached skill level 5 in Shapeshifting
  1822 | D:4      | Reached XP level 7. HP: 22/28 MP: 6/8
  1827 | D:4      | Reached skill level 6 in Unarmed Combat
  1972 | D:4      | Found a glowing drain.
  2009 | Sewer    | Entered a sewer
  2247 | Sewer    | Reached ** piety under Hepliaklqana
  2286 | Sewer    | Reached skill level 7 in Unarmed Combat
  2286 | Sewer    | Gained mutation: You have razor-sharp teeth. [Vine Stalker
                  | growth]
  2286 | Sewer    | Reached XP level 8. HP: 22/33 MP: 6/9
  2408 | Sewer    | Remembered your ancestor Cihuaton as a hexer
  2715 | D:3      | Found an ancient bone altar of Kikubaaqudgha.
  2907 | D:3      | Killed Ijyb
  3283 | D:4      | Reached skill level 8 in Unarmed Combat
  3747 | D:5      | Entered Level 5 of the Dungeon
  3784 | D:5      | Found Xiqy's Jewellery Boutique.
  3800 | D:5      | Reached XP level 9. HP: 36/36 MP: 10/10
  3965 | D:5      | Noticed Eustachio
  3973 | D:5      | Killed Eustachio
  3974 | D:5      | Reached skill level 9 in Unarmed Combat
  4142 | D:5      | Found Tiuruxku's Distillery.
  4161 | D:5      | Bought a potion of curing for 42 gold pieces
  4223 | D:5      | Found Zeom's Armour Boutique.
  4345 | D:5      | Found Bedif's General Store.
  4351 | D:5      | Bought a potion of degeneration for 12 gold pieces
  4351 | D:5      | Bought a scroll of identify for 24 gold pieces
  4859 | D:5      | Found Moanor's General Store.
  5055 | D:6      | Noticed Dowan
  5057 | D:6      | Noticed Duvessa
  5069 | D:6      | Killed Dowan
  5070 | D:6      | Reached skill level 10 in Unarmed Combat
  5072 | D:6      | Killed Duvessa
  5105 | D:6      | Reached *** piety under Hepliaklqana
  5575 | D:7      | Reached skill level 1 in Fighting
  5577 | D:7      | Reached skill level 11 in Unarmed Combat
  5597 | D:7      | Reached skill level 1 in Armour
  5727 | D:7      | Reached XP level 10. HP: 28/40 MP: 8/11
  5965 | D:7      | Identified the +9 flail of Disembowelment {vamp, rCorr
                  | Str+3 Int+4 Dex-3}
  5968 | D:7      | Noticed a boulder beetle
  5969 | D:7      | HP: 2/44 [meliai/+0 hand axe (2)]
  5970 | D:7      | Slain by a meliai

Illustrated notes

Levels and vault maps discovered:
D:1:      evilmike_arrival_fibonacci_small, layout_basic, minmay_hedge_maze
D:2:      layout_rooms, shapermc_ecumenical_altar_petra
D:3:      kennysheep_the_goblin_king, layout_loops_corners,
          mainiacjoe_overflow_small_starburst, nicolae_twisty_statue_hallways
D:4:      layout_loops_ring, enter_ossuary_3, portal_sewer_entry_e,
          serial_undead, serial_undead_b, serial_undead_a, serial_undead_e,
          serial_undead_b, serial_undead_a, serial_undead_a, serial_undead_e,
          serial_undead_a, serial_undead_d, serial_undead_a
D:5:      layout_loops_ring, serial_shops, shop, shop, shop_coins, shop,
          nicolae_shop_hallway_stairs, uniq_ijyb, uniq_eustachio
D:6:      layout_cave_pools, uniq_duvessa
D:7:      nzn_winding_woodlands_large [nzn_winding_woodlands_5x5_perimeter,
          nzn_winding_woodlands_5x15_jagged,
          nzn_winding_woodlands_5x5_checkerboard,
          nzn_winding_woodlands_center_pierced_h,
          nzn_winding_woodlands_15x15_five_gardens,
          nzn_winding_woodlands_center_diamonds,
          nzn_winding_woodlands_5x5_default,
          nzn_winding_woodlands_5x15_river_crossing,
          nzn_winding_woodlands_5x5_closed_star], layout_basic,
          minmay_temple_entry_mini_moons

Skill      XL: |  1  2  3  4  5  6  7  8  9 10 |
---------------+-------------------------------+-----
Unarmed Combat | 4 5 7 8 11 | 11.7
Shapeshifting  | 4 5 6 7 |  7.7
Fighting       | 2 3 |  3.0
Armour         | 1 2 |  2.4
Dodging        | |  1.5

Action                     |  1- 3 |  4- 6 |  7- 9 | 10-12 || total
---------------------------+-------+-------+-------+-------++-------
  Melee: Unarmed           |    61 |    72 |   275 |    33 ||   441
         Bite              |    17 |    28 |    86 |    14 ||   145
         Punch             |     4 |     4 |    13 |     1 ||    22
 Invoke: Ancestor Life: He |       |       |     1 |       ||     1
         Recall Ancestor   |       |       |     1 |       ||     1
    Use: Scroll            |       |       |    17 |       ||    17
         Potion            |       |       |       |     1 ||     1
   Stab: Confused          |       |       |     4 |       ||     4
         Distracted        |       |       |     1 |       ||     1
 Armour: Animal skin       |    23 |    37 |   108 |       ||   168
         Chain mail        |       |       |    49 |    25 ||    74
  Dodge: Dodged            |    30 |    35 |   130 |    12 ||   207

Table legend: (Time is in decaauts)
 A = Elapsed time spent in this place.
 B = Non-inter-level travel time spent in this place.
 C = Inter-level travel time spent in this place.
 D = Time resting spent in this place.
 E = Time spent auto-exploring this place.
 F = Levels seen in this place.
 G = Mean time per level.
                   A        B        C        D        E       F      G
               +--------+--------+--------+--------+--------+-----+--------+
         Total |   5927 |   5596 |    331 |    505 |   3684 |   8 |  740.9 |
       Dungeon |   5297 |   4966 |    331 |    484 |   3406 |   7 |  756.7 |
         Sewer |    629 |    629 |      0 |     21 |    278 |   1 |  629.0 |
               +--------+--------+--------+--------+--------+-----+--------+

Top non-repeatable levels by time:
     D:5: 1144 daAuts
     D:3: 1138 daAuts
     D:4: 1023 daAuts
   Sewer: 629 daAuts
     D:1: 554 daAuts
     D:7: 534 daAuts
     D:2: 475 daAuts
     D:6: 426 daAuts
